[Event "Titled Tuesday Blitz April 4 Late 2023"]
[White "Novikova, Galina"]
[Black "Kornyukov, Alexey"]
[WhiteFideId "4157095"]
[BlackFideId "4150457"]
[WhiteElo "1953"]
[BlackElo "2352"]
[Result "0-1"]
[Round "10"]
[TimeControl "180+2"]
[Date "2023.04.04"]
[WhiteClock "0:00:08"]
[BlackClock "0:00:28"]

1. e4 c5 2. Nc3 Nc6 3. g3 g6 4. Bg2 Bg7 5. d3 d6 6. f4 Nf6 7. Nf3 O-O 8. O-O Rb8 9. Be3 b5 10. h3 b4 11. Ne2 Qc7 12. g4 Nd7 13. f5 Bxb2 14. Rb1 Bg7 15. Qe1 Nde5 16. Qh4 Nxf3+ 17. Bxf3 Nd4 18. Bh6 Nxe2+ 19. Bxe2 Bb7 20. Bxg7 Kxg7 21. f6+ exf6 22. Rxf6 d5 23. Rbf1 Rbe8 24. g5 dxe4 25. dxe4 Rxe4 26. Qh6+ Kg8 27. Bf3 Qg3+ 28. Kh1 Re2 29. Qxf8+ Kxf8 30. Rxf7+ Kxf7 31. Bxb7+ Ke7 0-1


[Site "https://www.chess.com"]

[Event "Titled Tuesday Blitz April 4 Late 2023"]
[White "KorolDimitriy75"]
[Black "Rian, Kapriaga"]
[BlackFideId "7103263"]
[WhiteElo "2370"]
[BlackElo "2314"]
[Result "0-1"]
[Round "10"]
[TimeControl "180+2"]
[Date "2023.04.04"]
[WhiteClock "0:00:01"]
[BlackClock "0:00:25"]

1. d4 Nf6 2. c4 e6 3. Nc3 Bb4 4. Qc2 d5 5. cxd5 Qxd5 6. e3 c5 7. Bd2 Bxc3 8. bxc3 O-O 9. Nf3 Nc6 10. Be2 b6 11. O-O Bb7 12. Rfd1 Rfc8 13. Qb3 cxd4 14. cxd4 h6 15. Rac1 Ne4 16. Be1 Rc7 17. Qxd5 exd5 18. Nd2 Rac8 19. f3 Nxd4 20. Rxc7 Nxe2+ 21. Kf1 Rxc7 22. fxe4 Nc3 23. Rc1 Ba6+ 24. Kf2 Nxe4+ 25. Nxe4 Rxc1 26. Nc3 Bc4 27. h3 Bxa2 28. Bd2 Rc2 29. Ke1 Bc4 30. Kd1 Bb3 31. Ke2 a5 32. Kd3 Rb2 33. Bc1 Rxg2 34. Ba3 b5 35. Nxb5 Bc4+ 36. Kd4 Bxb5 0-1


[Site "https://www.chess.com"]

[Event "Titled Tuesday Blitz April 4 Late 2023"]
[White "Manu_ChessExcelsior"]
[Black "Vifleemskaia, Svetlana"]
[BlackFideId "4129490"]
[WhiteElo "2155"]
[BlackElo "1930"]
[Result "0-1"]
[Round "10"]
[TimeControl "180+2"]
[Date "2023.04.04"]
[WhiteClock "0:00:01"]
[BlackClock "0:00:07"]

1. e4 e5 2. Nf3 Nc6 3. Bc4 Nf6 4. Ng5 d5 5. exd5 Na5 6. Bb5+ c6 7. dxc6 bxc6 8. Qf3 Be7 9. Bxc6+ Nxc6 10. Qxc6+ Bd7 11. Qf3 Rc8 12. Nc3 Bc6 13. Qh3 h6 14. Nge4 Nxe4 15. Nxe4 Bxe4 16. d3 Bd5 17. c4 Bb7 18. O-O O-O 19. Bd2 f5 20. Bc3 Bf6 21. Qxf5 e4 22. Qe6+ Kh8 23. d4 Bxd4 24. Rad1 Bxf2+ 25. Kh1 Qb6 26. Qe7 Rg8 27. Rd7 Qg6 28. Rxb7 e3 29. Bd4 Rxc4 30. Bxe3 Bxe3 31. Qxe3 Rc2 32. Qf3 Kh7 33. b4 Rgc8 34. Rxa7 Rc1 35. Rf7 R8c2 36. h4 Rxf1+ 37. Qxf1 Rxa2 38. Rf3 Rb2 39. b5 Rb1 40. Kh2 Rxf1 41. Rxf1 Qd6+ 42. Kh3 Qd7+ 43. Kh2 Qxb5 44. Rf3 h5 45. Rg3 Qc4 46. Kh3 g6 47. Rg5 Qe6+ 48. Kh2 Qd6+ 49. Kh3 Kg7 50. Rg3 Kf6 51. Rg5 Qf4 52. Rg3 Qe4 53. Rg5 Ke6 54. Kh2 Qxh4+ 0-1


[Site "https://www.chess.com"]

[Event "Titled Tuesday Blitz April 4 Late 2023"]
[White "Kujawski, Adam"]
[Black "Lock, Gavin R"]
[WhiteFideId "1100920"]
[BlackFideId "408646"]
[WhiteElo "2054"]
[BlackElo "2104"]
[Result "1-0"]
[Round "10"]
[TimeControl "180+2"]
[Date "2023.04.04"]
[WhiteClock "0:00:09"]
[BlackClock "0:00:03"]

1. e4 c6 2. d4 d5 3. f3 Qb6 4. Nc3 dxe4 5. Bc4 Nf6 6. fxe4 e5 7. d5 Bg4 8. Nf3 Nbd7 9. dxc6 bxc6 10. Qe2 Bb4 11. Bd2 O-O 12. O-O-O Rab8 13. Bb3 Nc5 14. h3 Nxb3+ 15. cxb3 Bh5 16. g4 Bg6 17. Nxe5 Rfe8 18. Nxg6 hxg6 19. e5 Qa5 20. Rhe1 Bxc3 21. Bxc3 Qxa2 22. exf6 Rxe2 23. Rxe2 gxf6 24. Red2 Kg7 25. g5 Qxb3 26. Bxf6+ Kh7 27. Rd8 Qc4+ 28. Kb1 Rxd8 29. Rxd8 Qf1+ 30. Kc2 Qe2+ 31. Kc3 Qf3+ 32. Kc4 Qe4+ 33. Kc5 Qf5+ 34. Kd6 Qe6+ 35. Kc7 1-0


[Site "https://www.chess.com"]

[Event "Titled Tuesday Blitz April 4 Late 2023"]
[White "Jiganchine, Roman"]
[Black "Tarnowska, Aleksandra"]
[WhiteFideId "2603667"]
[BlackFideId "1180967"]
[WhiteElo "2285"]
[BlackElo "1776"]
[Result "1-0"]
[Round "10"]
[TimeControl "180+2"]
[Date "2023.04.04"]
[WhiteClock "0:00:14"]
[BlackClock "0:00:12"]

1. e4 c5 2. Nf3 e6 3. g3 d6 4. Bg2 Nf6 5. O-O Be7 6. Re1 O-O 7. c3 d5 8. exd5 Nxd5 9. d4 Nc6 10. Na3 cxd4 11. Nxd4 Nxd4 12. Qxd4 Bf6 13. Qe4 Rb8 14. Nb5 a6 15. Nd4 Bd7 16. h4 Qc7 17. h5 h6 18. Bf1 Bxd4 19. Qxd4 Bc6 20. Bf4 Nxf4 21. Qxf4 Qxf4 22. gxf4 Bf3 23. Re5 Rfd8 24. Kh2 Rd5 25. Rxd5 exd5 26. Bg2 Be4 27. Rd1 Re8 28. Rd2 b5 29. Kg3 Kf8 30. f3 Bf5 31. Rxd5 f6 32. Rd2 Kf7 33. a3 Be6 34. Bf1 Bb3 35. Kf2 Rc8 36. Rd4 Ke6 37. Re4+ Kf7 38. Rd4 Re8 39. Bd3 Kf8 40. Bg6 Rc8 41. Ke3 Bf7 42. Bf5 Re8+ 43. Kf2 Bc4 44. Bg6 Re2+ 45. Kg3 Ke7 46. Re4+ Rxe4 47. fxe4 Bd3 48. Kf2 Bc2 49. Ke3 Kd6 50. Kd4 Bb1 51. e5+ fxe5+ 52. fxe5+ Ke6 53. Bxb1 a5 54. Be4 b4 55. axb4 axb4 56. cxb4 g5 57. b5 g4 58. b6 Kd7 59. Kc5 g3 60. Bg2 Kc8 61. Kc6 Kb8 62. Kc5 Kc8 63. b3 Kb8 64. e6 Kc8 65. e7 Kd7 66. b7 Kxe7 67. b8=Q Kf6 68. Qf4+ Kg7 69. Qxg3+ Kh7 70. Qg4 Kh8 71. Bf3 Kh7 72. Be4+ Kh8 73. Bf3 Kh7 74. b4 Kh8 75. b5 Kh7 76. Kd6 Kh8 77. Ke7 Kh7 78. Kf7 Kh8 79. Qg7# 1-0


[Site "https://www.chess.com"]

[Event "Titled Tuesday Blitz April 4 Late 2023"]
[White "ritanovikova"]
[Black "tandercat"]
[WhiteElo "2208"]
[BlackElo "1941"]
[Result "0-1"]
[Round "10"]
[TimeControl "180+2"]
[Date "2023.04.04"]
[WhiteClock "0:00:19"]
[BlackClock "0:00:14"]

1. e4 c5 2. Nc3 Nc6 3. d3 g6 4. Be3 d6 5. Qd2 Bg7 6. g3 a6 7. Bg2 Rb8 8. h4 b5 9. Nd1 h5 10. Ne2 Bg4 11. f3 Bd7 12. c3 e6 13. d4 cxd4 14. cxd4 d5 15. Nf2 Nge7 16. O-O O-O 17. Bh6 Bxh6 18. Qxh6 dxe4 19. Nxe4 Nf5 20. Qd2 Ncxd4 21. Nxd4 Qb6 22. Kh2 Nxd4 23. Rad1 e5 24. f4 Bg4 25. fxe5 Bxd1 26. Rxd1 Rbd8 27. Qh6 Nf5 28. Qc1 Rxd1 29. Qxd1 Rd8 30. Qc1 Qe3 31. Nf6+ Kg7 32. Qxe3 Nxe3 33. Bb7 Rd2+ 34. Kg1 Rxb2 35. Bd5 Nxd5 36. Nxd5 Rxa2 37. Kf1 a5 38. Nc3 Rc2 39. Ne4 b4 40. Ke1 b3 41. Kd1 a4 42. e6 fxe6 43. Ng5 Kf6 44. Ne4+ Ke5 0-1


[Site "https://www.chess.com"]

[Event "Titled Tuesday Blitz April 4 Late 2023"]
[White "Oliveira, Tiago Batista"]
[Black "Burke, Paul"]
[WhiteFideId "2108291"]
[BlackFideId "2605767"]
[WhiteElo "1962"]
[BlackElo "1863"]
[Result "1-0"]
[Round "10"]
[TimeControl "180+2"]
[Date "2023.04.04"]
[WhiteClock "0:00:13"]
[BlackClock "0:00:25"]

1. d4 a6 2. c4 d6 3. Nf3 g6 4. g3 Nd7 5. Bg2 Bg7 6. O-O h6 7. Nbd2 e5 8. dxe5 dxe5 9. e4 Ne7 10. Qc2 O-O 11. Rd1 Qe8 12. Nf1 f5 13. exf5 gxf5 14. Ne3 e4 15. Nd4 Ne5 16. f4 Nd3 17. Ne2 Be6 18. Nc3 c6 19. b3 Rd8 20. Ba3 Rf6 21. Rd2 Rg6 22. Rad1 h5 23. Nxe4 fxe4 24. Bxe4 Bg4 25. Bxg6 Qxg6 26. Rxd3 Rxd3 27. Rxd3 Kh7 28. Bxe7 1-0


[Site "https://www.chess.com"]

[Event "Titled Tuesday Blitz April 4 Late 2023"]
[White "Vargas, Mauricio"]
[Black "Brahami, Lamine"]
[WhiteFideId "4404572"]
[BlackFideId "7905637"]
[WhiteElo "1998"]
[BlackElo "2088"]
[Result "0-1"]
[Round "10"]
[TimeControl "180+2"]
[Date "2023.04.04"]
[WhiteClock "0:00:13"]
[BlackClock "0:01:44"]

1. e4 c6 2. f4 d5 3. e5 e6 4. Nf3 Bc5 5. d4 Bb6 6. g3 Ne7 7. Bg2 O-O 8. O-O c5 9. c3 cxd4 10. cxd4 Nbc6 11. Nc3 Nf5 12. g4 Nfxd4 13. Kh1 Nxf3 14. Bxf3 f6 15. exf6 Qxf6 16. g5 Qe7 17. h3 Nd4 18. Bg4 Nf5 19. Kh2 Ne3 20. Bxe3 Bxe3 21. Qd3 Bxf4+ 22. Kh1 Qxg5 23. Rg1 Qh6 24. Raf1 Bd7 25. Nxd5 Bc6 0-1


[Site "https://www.chess.com"]

[Event "Titled Tuesday Blitz April 4 Late 2023"]
[White "Srdanovic, Jovana"]
[Black "Matute Escobar, Roxanny"]
[WhiteFideId "954810"]
[BlackFideId "3926028"]
[WhiteElo "2145"]
[BlackElo "1844"]
[Result "0-1"]
[Round "10"]
[TimeControl "180+2"]
[Date "2023.04.04"]
[WhiteClock "0:00:05"]
[BlackClock "0:00:19"]

1. d4 Nf6 2. c4 g6 3. Nc3 Bg7 4. e4 d6 5. Nf3 O-O 6. Be2 e5 7. O-O Nc6 8. d5 Ne7 9. Kh1 Ne8 10. Ng1 f5 11. Bf3 Rf7 12. g3 Bf8 13. Bg2 f4 14. Nf3 Nf6 15. Ng5 Bg4 16. f3 Bc8 17. Nxf7 Kxf7 18. gxf4 exf4 19. Bxf4 h6 20. e5 Nh5 21. e6+ Kg7 22. Qd4+ Kh7 23. Ne4 Nf5 24. Qd2 Qh4 25. Be3 Nhg3+ 26. Nxg3 Nxg3+ 27. Kg1 Nxf1 28. Rxf1 Bg7 29. Bf2 Qxc4 30. b3 Qb5 31. Bd4 Qxd5 32. Rd1 Bxe6 33. Bxg7 Qxd2 34. Rxd2 Kxg7 35. Rc2 c6 36. Re2 Kf6 37. Kf2 Rf8 38. Rd2 Ke5 39. Re2+ Kf6 40. Rd2 Bd5 41. h4 Re8 42. Kg3 Re3 43. Kf2 Rc3 44. Kg3 a5 45. h5 gxh5 46. Kh4 Ke5 47. f4+ Kxf4 48. Bxd5 cxd5 49. Rxd5 Rc5 50. Rxd6 Rg5 51. Rxh6 Rg1 52. Rf6+ Ke3 53. Kxh5 Rg2 54. Rb6 Rxa2 55. Rxb7 Kd4 56. Kg4 Kc3 57. Kf4 Rb2 58. Ra7 Kb4 59. Rb7+ Ka3 60. Ra7 Kb4 61. Rb7+ Kc3 62. Ra7 Ra2 63. Rb7 Ra3 64. Ke4 Rxb3 65. Rc7+ Kb2 66. Ra7 Rb4+ 67. Kd3 a4 68. Kd2 a3 69. Rc7 a2 70. Rc2+ Ka3 71. Rc3+ Rb3 72. Rc1 Rb1 73. Rc3+ Kb4 74. Rc2 a1=Q 75. Kd3 Rd1+ 76. Ke2 Qd4 77. Kf3 Qd3+ 0-1


[Site "https://www.chess.com"]

[Event "Titled Tuesday Blitz April 4 Late 2023"]
[White "Winkels, Marcel"]
[Black "Joubert, Dantelle"]
[WhiteFideId "1003887"]
[BlackFideId "14310813"]
[WhiteElo "1900"]
[BlackElo "1507"]
[Result "1-0"]
[Round "10"]
[TimeControl "180+2"]
[Date "2023.04.04"]
[WhiteClock "0:00:12"]
[BlackClock "0:00:01"]

1. e4 c5 2. Nf3 d6 3. Bb5+ Bd7 4. c4 Bxb5 5. cxb5 Nf6 6. Nc3 g6 7. O-O Bg7 8. d4 cxd4 9. Nxd4 O-O 10. Be3 a6 11. Rc1 Qd7 12. Qe2 axb5 13. Ncxb5 Nc6 14. Nc3 Ra5 15. a3 Rc8 16. Rfd1 Ne5 17. Ncb5 Nxe4 18. Rxc8+ Qxc8 19. Rc1 Nc6 20. Bd2 Nxd2 21. Qxd2 Ra6 22. h3 Qd7 23. Nf3 Rb6 24. a4 h6 25. b3 Ra6 26. Qe3 Ra8 27. Re1 Re8 28. Rd1 Kh7 29. Qb6 Rd8 30. Qe3 Re8 31. Rc1 Rd8 32. Qe4 Re8 33. Qd4 1-0


[Site "https://www.chess.com"]

[Event "Titled Tuesday Blitz April 4 Late 2023"]
[White "Fedoseev, Vladimir"]
[Black "Duda, Jan-Krzysztof"]
[WhiteFideId "24130737"]
[BlackFideId "1170546"]
[WhiteElo "2752"]
[BlackElo "2790"]
[Result "0-1"]
[Round "11"]
[TimeControl "180+2"]
[Date "2023.04.04"]
[WhiteClock "0:00:02"]
[BlackClock "0:00:05"]

1. b3 Nf6 2. Bb2 d5 3. Nf3 Bf5 4. d3 h6 5. Nbd2 e6 6. g3 Be7 7. e4 Bh7 8. Bg2 O-O 9. Qe2 c5 10. Ne5 Nbd7 11. f4 Rc8 12. O-O a6 13. exd5 Nxd5 14. a3 Nxe5 15. fxe5 b5 16. h4 Qc7 17. Kh2 Nb6 18. c4 Rcd8 19. Be4 bxc4 20. dxc4 Bxe4 21. Nxe4 Nd7 22. Nf6+ gxf6 23. exf6 Nxf6 24. Rxf6 Bxf6 25. Bxf6 Rd4 26. Bxd4 cxd4 27. Qg4+ Kh7 28. Qxd4 Rd8 29. Qe3 a5 30. Rf1 Kg7 31. c5 e5 32. b4 axb4 33. axb4 Rd4 34. Qc3 Qc6 35. Rf2 f6 36. Rd2 Qe4 37. b5 Qe1 38. Rc2 Qf1 39. Qb2 Rd1 40. g4 Qg1+ 41. Kh3 Rd3# 0-1


[Site "https://www.chess.com"]

[Event "Titled Tuesday Blitz April 4 Late 2023"]
[White "Indjic, Aleksandar"]
[Black "Kramnik, Vladimir"]
[WhiteFideId "911925"]
[BlackFideId "4101588"]
[WhiteElo "2614"]
[BlackElo "2712"]
[Result "1/2-1/2"]
[Round "11"]
[TimeControl "180+2"]
[Date "2023.04.04"]
[WhiteClock "0:00:13"]
[BlackClock "0:00:07"]

1. d4 Nf6 2. c4 e6 3. Nc3 Bb4 4. e3 O-O 5. Bd3 d5 6. a3 Bxc3+ 7. bxc3 dxc4 8. Bxc4 c5 9. Bd3 Nc6 10. Nf3 Qc7 11. Bb2 e5 12. Nxe5 Nxe5 13. dxe5 Qxe5 14. Qe2 Bf5 15. c4 Bxd3 16. Bxe5 Bxe2 17. Kxe2 Nd7 18. Bd6 Rfe8 19. a4 Rac8 20. a5 Rc6 21. Bg3 Nf8 22. Rhd1 f6 23. Rd5 Kf7 24. f3 Ne6 25. Kd3 Re7 26. e4 Ra6 27. Kc3 b6 28. Rd6 Rb7 29. f4 Ke7 30. e5 fxe5 31. fxe5 Rxa5 32. Rxa5 bxa5 33. Ra6 Nd4 34. Rxa5 Rb3+ 35. Kd2 Rb2+ 36. Kd3 Ke6 37. Rxa7 Rxg2 38. Rxg7 h5 39. Rg6+ Kf5 40. Rf6+ Kg5 41. Rf8 Ne6 42. Rf6 Nd4 43. Ke4 Re2+ 44. Kd5 h4 45. Bf4+ Kg4 46. Kxc5 Nf5 47. Bc1 Rxe5+ 48. Kb6 Re1 49. Bd2 Re2 50. h3+ Kxh3 51. Rxf5 Rxd2 52. c5 Rb2+ 53. Kc7 Kg4 54. Rf8 h3 55. Rh8 Rc2 56. c6 Kg3 57. Kd7 h2 58. c7 Rxc7+ 59. Kxc7 Kg2 60. Rxh2+ Kxh2 1/2-1/2


[Site "https://www.chess.com"]

[Event "Titled Tuesday Blitz April 4 Late 2023"]
[White "Bortnyk, Olexandr"]
[Black "Hakobyan, Aram"]
[WhiteFideId "14120828"]
[BlackFideId "13306677"]
[WhiteElo "2734"]
[BlackElo "2584"]
[Result "1/2-1/2"]
[Round "11"]
[TimeControl "180+2"]
[Date "2023.04.04"]
[WhiteClock "0:00:11"]
[BlackClock "0:00:06"]

1. d4 g6 2. Nc3 Bg7 3. e4 c5 4. Be3 cxd4 5. Bxd4 Bxd4 6. Qxd4 Nf6 7. Nf3 Nc6 8. Qe3 d6 9. h3 O-O 10. Bc4 Qb6 11. Qxb6 axb6 12. O-O-O Kg7 13. Rhe1 Ra5 14. a3 Be6 15. Bxe6 fxe6 16. e5 Nxe5 17. Nxe5 dxe5 18. f3 Rc8 19. Kb1 Kf7 20. Ne4 h6 21. Nxf6 Kxf6 22. Rd7 Rac5 23. Re2 R8c7 24. Rxc7 Rxc7 25. c3 Rc4 26. Kc2 Kf5 27. Kd3 Rh4 28. b3 g5 29. a4 h5 30. b4 g4 31. Re4 gxh3 32. Rxh4 hxg2 33. Rxh5+ Kf6 34. Rh6+ Kf7 35. Rh7+ Kf8 36. Rh8+ Kf7 37. Rh7+ Kf6 38. Rh6+ Kf7 39. Rh7+ 1/2-1/2


[Site "https://www.chess.com"]

[Event "Titled Tuesday Blitz April 4 Late 2023"]
[White "Beerdsen, Thomas"]
[Black "Sadhwani, Raunak"]
[WhiteFideId "1030108"]
[BlackFideId "35093487"]
[WhiteElo "2547"]
[BlackElo "2631"]
[Result "1-0"]
[Round "11"]
[TimeControl "180+2"]
[Date "2023.04.04"]
[WhiteClock "0:01:47"]
[BlackClock "0:00:05"]

1. e4 c6 2. d4 d5 3. f3 e6 4. Nc3 Bb4 5. Bd2 Ne7 6. e5 O-O 7. a3 Ba5 8. Bd3 Nd7 9. b4 Bb6 10. f4 Bxd4 11. Bxh7+ Kxh7 12. Nf3 Bxc3 13. Ng5+ Kh6 14. Bxc3 f6 15. Qd3 fxg5 16. fxg5+ Kxg5 17. Bd2+ Rf4 18. h4+ Kh5 19. Qh7+ Kg4 20. Qxg7+ Kf5 21. Qg5+ 1-0


[Site "https://www.chess.com"]

[Event "Titled Tuesday Blitz April 4 Late 2023"]
[White "Andreikin, Dmitry"]
[Black "Alekseenko, Kirill"]
[WhiteFideId "4158814"]
[BlackFideId "4135539"]
[WhiteElo "2736"]
[BlackElo "2683"]
[Result "1-0"]
[Round "11"]
[TimeControl "180+2"]
[Date "2023.04.04"]
[WhiteClock "0:00:14"]
[BlackClock "0:00:15"]

1. Nf3 d5 2. c4 d4 3. Na3 Nc6 4. g3 e5 5. d3 Bb4+ 6. Nd2 a5 7. Bg2 Nf6 8. O-O O-O 9. Nc2 Bd6 10. b3 Re8 11. Bb2 Bf5 12. Re1 Qd7 13. a3 Bf8 14. Nf3 h6 15. Qd2 Qd6 16. Red1 Bh7 17. Rab1 Rad8 18. b4 axb4 19. axb4 Nxb4 20. Ba3 c5 21. Nxb4 cxb4 22. Bxb4 Qc7 23. Ba5 Qe7 24. Bxd8 Rxd8 25. Qa5 e4 26. Ne1 Ng4 27. Bxe4 Bxe4 28. dxe4 Qxe4 29. Qxd8 Qxe2 30. Qxd4 Ne5 31. Qd5 Qh5 32. Kg2 Qf5 33. Nf3 1-0


[Site "https://www.chess.com"]

[Event "Titled Tuesday Blitz April 4 Late 2023"]
[White "Naroditsky, Daniel"]
[Black "Chigaev, Maksim"]
[WhiteFideId "2026961"]
[BlackFideId "4108116"]
[WhiteElo "2633"]
[BlackElo "2547"]
[Result "1-0"]
[Round "11"]
[TimeControl "180+2"]
[Date "2023.04.04"]
[WhiteClock "0:00:03"]
[BlackClock "0:00:06"]

1. d4 Nf6 2. Nc3 d5 3. Bf4 g6 4. e3 Nh5 5. Be5 f6 6. Bg3 c6 7. Bd3 Bg7 8. Nf3 Na6 9. a3 Nc7 10. e4 O-O 11. Qe2 dxe4 12. Nxe4 Nd5 13. O-O-O b6 14. Qd2 Kh8 15. Kb1 Be6 16. Rhe1 Bf7 17. h4 Qc8 18. Bh2 Qg4 19. Ng3 Nhf4 20. Bf1 b5 21. Re4 Bh6 22. Ne2 Nxe2 23. Rxg4 Bxd2 24. Rxd2 f5 25. Be5+ Kg8 26. Rg5 Nef4 27. Rg3 Nh5 28. Rh3 h6 29. Rh1 Kh7 30. Bd3 Ndf6 31. Re2 Bd5 32. Rhe1 e6 33. Nd2 a5 34. f3 b4 35. a4 Rad8 36. b3 Rd7 37. Nc4 Bxc4 38. Bxc4 Nd5 39. Kb2 Nhf4 40. Rd2 g5 41. hxg5 hxg5 42. Rh1+ Kg6 43. g3 Nh5 44. Rdh2 Nhf6 45. Rh6+ Kf7 46. f4 gxf4 47. gxf4 Rg8 48. Re1 Re7 49. Bxf6 Nxf6 50. Re5 Rg6 51. Rh1 Nd5 52. Rh8 Rf6 53. Ra8 Nxf4 54. Raxa5 Ng6 55. Rxf5 Kg7 56. Rxf6 Kxf6 57. Rc5 e5 58. Rxc6+ Kg5 59. dxe5 Nxe5 60. Rc5 Kf4 61. a5 Ke3 62. a6 Kd4 63. Rd5+ Ke4 64. Rc5 Kd4 65. Rc8 Ra7 66. Bb5 Kd5 67. Kc1 Kd6 68. Kd2 Ng6 69. Rc6+ 1-0


[Site "https://www.chess.com"]

[Event "Titled Tuesday Blitz April 4 Late 2023"]
[White "Makhnev, Denis"]
[Black "Paravyan, David"]
[WhiteFideId "13707647"]
[BlackFideId "4194985"]
[WhiteElo "2515"]
[BlackElo "2563"]
[Result "0-1"]
[Round "11"]
[TimeControl "180+2"]
[Date "2023.04.04"]
[WhiteClock "0:00:03"]
[BlackClock "0:00:19"]

1. d4 Nf6 2. c4 e6 3. Nf3 d5 4. Nc3 c5 5. cxd5 cxd4 6. Qxd4 exd5 7. Bg5 Be7 8. e3 O-O 9. Be2 Nc6 10. Qd1 Be6 11. O-O h6 12. Bh4 Qb6 13. Na4 Qa5 14. a3 b5 15. Nc3 a6 16. Rc1 Rac8 17. Bxf6 Bxf6 18. Nxd5 Bxd5 19. Qxd5 Rfd8 20. Qe4 Qb6 21. Rc2 Ne7 22. Rfc1 Bxb2 23. Rxc8 Nxc8 24. Rc6 Qb7 25. h4 Ne7 26. Rd6 Qc7 27. Rxa6 Nd5 28. Bxb5 Nc3 29. Qc6 Rd1+ 30. Bf1 Ne2+ 0-1


[Site "https://www.chess.com"]

[Event "Titled Tuesday Blitz April 4 Late 2023"]
[White "Erigaisi Arjun"]
[Black "Holt, Conrad"]
[WhiteFideId "35009192"]
[BlackFideId "2034387"]
[WhiteElo "2737"]
[BlackElo "2592"]
[Result "0-1"]
[Round "11"]
[TimeControl "180+2"]
[Date "2023.04.04"]
[WhiteClock "0:00:35"]
[BlackClock "0:00:19"]

1. b3 d5 2. Bb2 Bg4 3. f3 Bd7 4. e4 e6 5. Qe2 Qe7 6. d4 Nc6 7. Nd2 Nb4 8. Kd1 O-O-O 9. e5 c5 10. a3 Nc6 11. dxc5 Qxc5 12. b4 Qb6 13. f4 Nh6 14. Nb3 Nf5 15. Nf3 Ne3+ 16. Kc1 Nc4 17. Bd4 Nxd4 18. Nbxd4 Kb8 19. Qf2 Rc8 20. Bxc4 Rxc4 21. Rd1 Be7 22. Rd3 Rhc8 23. Qe3 h6 24. Kd1 Ba4 25. Ra2 a5 26. Nd2 axb4 27. Nxc4 dxc4 28. Rd2 b3 29. cxb3 cxb3 30. Rab2 Bxa3 31. Rxb3 Qa6 32. Qd3 Rc4 33. Ke2 Bc5 34. Rdb2 Bxb3 35. Nxb3 Re4+ 36. Kd2 Bb4+ 37. Kc2 Re2+ 0-1


[Site "https://www.chess.com"]

[Event "Titled Tuesday Blitz April 4 Late 2023"]
[White "Kollars, Dmitrij"]
[Black "Szpar, Milosz"]
[WhiteFideId "12909572"]
[BlackFideId "1184989"]
[WhiteElo "2584"]
[BlackElo "2436"]
[Result "0-1"]
[Round "11"]
[TimeControl "180+2"]
[Date "2023.04.04"]
[WhiteClock "0:00:01"]
[BlackClock "0:00:20"]

1. d4 Nf6 2. Nf3 e6 3. c4 c5 4. d5 d6 5. Nc3 exd5 6. cxd5 g6 7. Bf4 Bg7 8. e3 O-O 9. h3 Na6 10. Bxa6 bxa6 11. O-O Rb8 12. Qc2 Bf5 13. e4 Nxe4 14. Nxe4 Rxb2 15. Qd3 Bxe4 16. Qxe4 Rb4 17. Rae1 Rxe4 18. Rxe4 Re8 19. Rxe8+ Qxe8 20. Bxd6 Qd7 21. Bxc5 Qxd5 22. Bxa7 Qxa2 23. Re1 Bf6 24. Bc5 h5 25. Re8+ Kg7 26. Bf8+ Kh7 27. g3 Qd5 28. Kg2 a5 29. Re3 a4 30. h4 Bb2 31. Kh2 Qa8 32. Ba3 Bxa3 33. Rxa3 Qa5 34. Nd4 Qb4 35. Nc2 Qb2 0-1


[Site "https://www.chess.com"]

[Event "Titled Tuesday Blitz April 4 Late 2023"]
[White "Castellanos Rodriguez, Renier"]
[Black "Zhigalko, Sergei"]
[WhiteFideId "3404650"]
[BlackFideId "13502956"]
[WhiteElo "2597"]
[BlackElo "2626"]
[Result "0-1"]
[Round "11"]
[TimeControl "180+2"]
[Date "2023.04.04"]
[WhiteClock "0:00:56"]
[BlackClock "0:00:08"]

1. e4 c5 2. Nf3 Nc6 3. Bb5 Nf6 4. Bxc6 dxc6 5. d3 Bg4 6. h3 Bh5 7. Bf4 c4 8. Nc3 e6 9. g4 Bg6 10. Ne5 cxd3 11. Qxd3 Qxd3 12. cxd3 Nd7 13. Nxg6 hxg6 14. Ke2 e5 15. Be3 Bc5 16. h4 Ke7 17. h5 Bxe3 18. fxe3 gxh5 19. gxh5 Nf6 20. d4 Nxh5 21. Kd3 Rad8 22. Kc4 Nf6 23. Rhg1 g6 24. Raf1 Rh3 25. Rf2 Rxe3 26. dxe5 Nxe4 27. Re2 b5+ 28. Kb4 Rd4+ 29. Ka5 Rxe2 30. Nxe2 Ra4# 0-1


[Site "https://www.chess.com"]

[Event "Titled Tuesday Blitz April 4 Late 2023"]
[White "Kilic, Eray"]
[Black "Kravtsiv, Martyn"]
[WhiteFideId "44517173"]
[BlackFideId "14113147"]
[WhiteElo "2328"]
[BlackElo "2695"]
[Result "1/2-1/2"]
[Round "11"]
[TimeControl "180+2"]
[Date "2023.04.04"]
[WhiteClock "0:02:49"]
[BlackClock "0:02:25"]

1. d4 b6 2. e4 Bb7 3. Nc3 e6 4. Nf3 Bb4 5. Bd3 Nf6 6. e5 Ne4 7. Bd2 Nxd2 8. Qxd2 Bxf3 9. gxf3 Qh4 10. a3 Bxc3 11. Qxc3 O-O 12. Be4 1/2-1/2


[Site "https://www.chess.com"]

[Event "Titled Tuesday Blitz April 4 Late 2023"]
[White "Yeletsky, Ivan"]
[Black "Gadimbayli, Abdulla"]
[WhiteFideId "24180327"]
[BlackFideId "13404938"]
[WhiteElo "2422"]
[BlackElo "2390"]
[Result "1-0"]
[Round "11"]
[TimeControl "180+2"]
[Date "2023.04.04"]
[WhiteClock "0:01:37"]
[BlackClock "0:00:48"]

1. Nf3 d5 2. g3 Nc6 3. d4 Bg4 4. h3 Bxf3 5. exf3 e6 6. c3 g6 7. h4 h5 8. Bd3 Bg7 9. Nd2 Nf6 10. f4 Ng4 11. Qe2 Ne7 12. Nf3 O-O 13. Ne5 Nh6 14. g4 hxg4 15. h5 f5 16. hxg6 Qe8 17. f3 Nxg6 18. fxg4 Nxe5 19. fxe5 Nxg4 20. Bg5 Qg6 21. Qxg4 Bh6 22. Rxh6 Qxh6 23. Bxh6+ 1-0


[Site "https://www.chess.com"]

[Event "Titled Tuesday Blitz April 4 Late 2023"]
[White "Bilych, Olexiy"]
[Black "Maksimovic, Bojan"]
[WhiteFideId "14156504"]
[BlackFideId "14408120"]
[WhiteElo "2320"]
[BlackElo "2468"]
[Result "0-1"]
[Round "11"]
[TimeControl "180+2"]
[Date "2023.04.04"]
[WhiteClock "0:00:05"]
[BlackClock "0:00:02"]

1. d4 Nf6 2. c4 g6 3. h4 c5 4. d5 b5 5. cxb5 a6 6. e3 axb5 7. Bxb5 Ba6 8. Nc3 Bg7 9. a4 Bxb5 10. Nxb5 O-O 11. d6 Nc6 12. Nf3 exd6 13. Nxd6 Qe7 14. h5 Nd4 15. Nxd4 cxd4 16. h6 Bh8 17. Qxd4 Ra6 18. Nb5 Ne4 19. Qd5 Qb4+ 20. Bd2 Nxd2 21. Qxd2 Qxb5 22. axb5 Rxa1+ 23. Ke2 Rxh1 24. Qxd7 Rb1 25. Kf3 Rxb2 26. g4 Rb8 27. g5 R2xb5 28. Kg4 Rb1 29. f4 R1b4 30. Kf3 R4b7 31. Qd5 Rb5 32. Qc4 Rb3 33. Kf2 Rc3 34. Qd5 Re8 35. e4 Rb8 36. Ke2 Ra3 37. Kf1 Rb1+ 38. Kg2 Rb2+ 39. Kg1 Ra1+ 40. Qd1 Bd4+ 41. Kh1 Rd2 42. Qg1 Bxg1 43. f5 Rf2 44. f6 Rh2# 0-1


[Site "https://www.chess.com"]